Map: Eastwatch LE

Players

SCAnalysT

  • Race: Terran Terran
  • Spawn Location: 1:00

A.I. 1 (Very Easy) - Winner!

  • Race: Zerg Zerg
  • Spawn Location: 7:00

VOD

https://www.youtube.com/watch?v=Sd0Vj7dR0JU&t=1s

Description

This Terran build order is a very well rounded build with high-level capacities. It allows for numerous opportunities for timing attacks and harassment, while still being flexible enough to hold off any aggression a Zerg throws your way. Along with the build, this video will teach Terrans scouting intuition.

Time

  • Played on: April 23, 2018, 8:19 p.m.
  • Length: 10:07
Show
View Real Time Build Order
Export as new Build Order

SCAnalysT Terran 

Build Orders: Hellion Opening, Reaper Expand, Bio Tank 

Get SALT Encoding   

  12  0:00  SCV  
  13  0:12  SCV  
  14  0:17  Supply Depot  
  14  0:24  SCV  
  15  0:38  SCV  
  15  0:40  Barracks  
  16  0:44  Refinery  
  16  0:50  SCV  
  17  1:03  SCV  
  18  1:15  SCV  
  19  1:27  Reaper, Orbital Command  
  20  1:42  Command Center  
  20  1:52  Supply Depot, SCV  
  21  1:59  Marine  
  22  2:04  SCV  
  23  2:08  Factory  
  23  2:13  Refinery  
  23  2:17  SCV  
  23  2:21  Barracks Reactor  
  24  2:29  SCV  
  25  2:41  SCV  
  26  2:53  SCV  
  26  2:55  Starport  
  26  2:56  Orbital Command  
  27  3:02  Hellion x2  
  27  3:05  SCV  
  32  3:08  Barracks Tech Lab  
  32  3:11  Supply Depot  
  32  3:17  SCV  
  33  3:23  Hellion x2, SCV  
  38  3:29  SCV  
  39  3:35  SCV  
  39  3:37  Raven  
  39  3:38  Barracks Tech Lab  
  42  3:41  SCV  
  42  3:45  Supply Depot  
  42  3:47  SCV  
  44  3:51  Hellion  
  44  3:53  Hellion, SCV  
  49  3:58  Marine  
  49  3:59  Stimpack  
  49  4:00  SCV  
  51  4:05  SCV  
  52  4:13  SCV  
  53  4:18  Command Center  
  53  4:22  SCV  
  54  4:27  Marine  
  55  4:31  Barracks  
  55  4:33  Barracks, SCV  
  55  4:35  SCV  
  55  4:37  Starport Reactor  
  57  4:42  Engineering Bay  
  57  4:44  Engineering Bay  
  57  4:45  SCV  
  58  4:47  SCV  
  58  4:48  Siege Tank  
  62  4:54  Supply Depot  
  62  5:06  Marine  
  65  5:07  SCV x2  
  65  5:09  Terran Infantry Weapons Level 1  
  65  5:10  Terran Infantry Armor Level 1  
  65  5:13  Refinery  
  65  5:14  Refinery  
  65  5:18  Marine x2  
  65  5:19  SCV x2  
  69  5:24  Marine  
  69  5:26  Marine x2  
  69  5:27  Starport Reactor  
  72  5:31  Orbital Command, Supply Depot, SCV  
  72  5:34  Supply Depot  
  73  5:37  SCV  
  73  5:40  Marine x2  
  76  5:43  Siege Tank  
  76  5:46  SCV  
  76  5:49  Marine x2, SCV  
  83  5:52  Marine  
  84  5:58  Marine  
  84  5:59  Marine  
  84  6:03  Medivac x2  
  90  6:05  SCV x2  
  90  6:06  SCV  
  90  6:07  Marine  
  90  6:11  Supply Depot  
  94  6:13  Supply Depot  
  94  6:14  Marine  
  95  6:24  Orbital Command  
  95  6:28  Marine x2  
  95  6:29  Barracks, Siege Tank  
  95  6:30  Barracks  
  100  6:33  SCV x2  
  100  6:35  Marine x2  
  100  6:37  Medivac x2  
  108  6:45  SCV x2  
  110  6:47  Armory  
  110  6:49  Supply Depot  
  110  6:50  SCV  
  111  6:55  Marine x2  
  111  6:56  Marine x2  
  111  6:57  SCV x2  
  111  6:58  Liberator  
  117  7:01  Siege Tank  
  117  7:02  SCV  
  117  7:03  Combat Shields, Marine  
  122  7:09  SCV  
  122  7:13  Marine x4  
  122  7:14  SCV x2  
  132  7:17  Barracks Reactor  
  132  7:18  Barracks Reactor  
  132  7:22  Refinery  
  132  7:23  Refinery, SCV  
  133  7:33  Supply Depot  
  133  7:34  Supply Depot x2  
  133  7:41  Terran Infantry Weapons Level 2  
  133  7:49  Terran Infantry Armor Level 2  
  133  7:54  Marine x5, SCV x3  
  133  7:57  Marine  
  133  7:58  Marine x3  
  143  8:00  Factory  
  145  8:06  SCV x3  
  145  8:10  Siege Tank, Command Center  
  145  8:12  Marine x5  
  156  8:16  Supply Depot  
  156  8:17  Medivac  
  156  8:18  Supply Depot, SCV x3  
  161  8:26  Marine x4, Supply Depot  
  165  8:28  Supply Depot  
  165  8:37  Medivac  
  167  8:42  Siege Tank  
  167  8:45  Barracks  
  167  8:46  Barracks, Factory Tech Lab, SCV x3  
  167  8:47  Medivac, Barracks  
  175  8:50  Marine x5  
  175  8:51  Marine  
  175  8:52  Marine  
  175  8:53  Marine  
  183  9:03  Supply Depot  
  183  9:04  Marine  
  183  9:06  Siege Tank  
  183  9:08  Marine x2  
  189  9:11  Marine x2  
  189  9:14  Siege Tank  
  191  9:42  Marine x6  
  191  9:44  Barracks Tech Lab x3  
  200  10:04  Refinery  
  200  10:06  Refinery  
Show
View Real Time Build Order
Export as new Build Order

A.I. 1 (Very Easy) Zerg - Winner!

Build Orders: Hatch First 

Get SALT Encoding   

  12  0:01  Drone  
  13  0:12  Overlord  
  13  0:17  Drone  
  14  0:42  Hatchery  
  13  0:45  Drone  
  14  1:03  Spawning Pool  
  13  1:05  Extractor  
  13  1:08  Drone  
  13  1:15  Drone  
  13  1:17  Extractor  
  13  1:22  Drone  
  14  1:27  Overlord  
  14  1:51  Queen  
  16  2:03  Lair  
  16  2:16  Overlord  
  16  2:47  Drone  
  17  2:59  Drone  
  17  3:04  Spire  
  17  3:13  Drone  
  18  3:31  Drone  
  19  3:38  Drone  
  20  3:45  Drone  
  21  3:52  Drone  
  22  3:59  Drone  
  23  4:06  Drone  
  24  4:10  Pneumatized Carapace  
  24  4:17  Mutalisk  
  26  4:58  Mutalisk  
  28  7:03  Drone  
  28  7:49  Overseer, Drone, Mutalisk  
  28  7:50  Overseer  
  28  7:51  Extractor  
  26  7:54  Extractor  
  26  7:56  Drone  
  26  8:03  Drone  
  27  8:10  Drone  
  28  8:17  Drone  
  29  8:25  Drone  
  30  8:32  Drone  
  31  8:37  Mutalisk  
  31  8:39  Drone  
  34  8:46  Drone  
  34  8:47  Overlord  
  35  8:53  Drone  
  36  9:00  Drone  
  37  9:08  Drone  
  38  9:15  Drone  
  39  9:22  Drone  
  37  9:26  Mutalisk  
  37  9:29  Drone  
  34  9:36  Drone  
  32  9:44  Drone  
  33  9:51  Drone  
Tags
 
Add a new tag
Caveats
  • Supply blocks, unpowered buildings, or Contaminate may cause inaccurate times.
  • Supply counts are checked every 10 seconds.